 Dungeon Crawl Stone Soup version 0.13-a0-3016-gcb2faac (webtiles) character file.

157 4tharraofdagon the Firebug (level 3, 0/21 HPs)
             Began as a High Elf Fire Elementalist on Sept 12, 2013.
             Slain by a hobgoblin (2 damage)
             ... on Level 3 of the Dungeon.
             The game lasted 00:02:52 (544 turns).

4tharraofdagon the Firebug (HEFE)                    Turns: 544, Time: 00:02:52

HP   0/21        AC  4     Str  7      XL: 3   Next: 87%
MP   4/8         EV 12     Int 25      God:
Gold 94          SH  0     Dex 15      Spells:  2 memorised,  2 levels left

Res.Fire  : . . .   See Invis. : .   h - +0,+2 dagger (drain)
Res.Cold  : . . .   Warding    : .   a - +0 elf robe
Life Prot.: . . .   Conserve   : .   (no shield)
Res.Poison: .       Res.Corr.  : .   i - +1 dwarf helmet (curse)
Res.Elec. : .       Clarity    : .   (no cloak)
Sust.Abil.: . .     Spirit.Shd : .   (no gloves)
Res.Mut.  : .       Stasis     : .   (no boots)
Res.Rott. : .       Flight     : .   (no amulet)
Saprovore : . . .                    (no ring)
                                     (no ring)

@: brilliant, mildly poisoned, slightly resistant to hostile enchantments,
fairly stealthy
A: no striking features
a: no special abilities


You were on level 3 of the Dungeon.
You were not hungry.

You visited 1 branch of the dungeon, and saw 3 of its levels.

You collected 74 gold pieces.

Inventory:

Hand weapons
 h - a +0,+2 dagger of draining (weapon)
 l - a +0,+3 spear of dragon slaying (quivered)
Armour
 a - a +0 elven robe (worn)
 i - a cursed +1 dwarven helmet (worn)
Comestibles
 c - 3 bread rations
 f - an apple
 j - a meat ration
Scrolls
 d - a scroll of enchant armour {unknown}
 e - a scroll of curse weapon {unknown}
 g - 2 scrolls of amnesia {unknown}
 k - a scroll of blinking {unknown}
 m - a scroll of curse jewellery {unknown}
 n - a scroll of identify {unknown}
Potions
 o - a potion of brilliance
Books
 b - a book of Flames

   Spells                             Type                      Level
   *Flame Tongue                      Conjuration/Fire             1
   Throw Flame                        Conjuration/Fire             2
   *Conjure Flame                     Conjuration/Fire             3
   Inner Flame                        Hexes/Fire                   3
   Sticky Flame                       Conjuration/Fire             4
   Fireball                           Conjuration/Fire             5


   Skills:
 - Level 2.1 Dodging
 - Level 2.1 Stealth
 + Level 2.0 Spellcasting
 * Level 2.5 Conjurations
 * Level 3.9 Fire Magic


You had 2 spell levels left.
You knew the following spells:

 Your Spells              Type           Power        Failure   Level  Hunger
a - Flame Tongue          Conj/Fire      ####.        1%          1    None
b - Conjure Flame         Conj/Fire      ####....     1%          3    ###....


Dungeon Overview and Level Annotations

Branches:
Dungeon (3/27)

Altars:


Message History

Press: ? - help, Shift-Dir - straight line, f/p - adder
Aim: an adder (moderately wounded)
The flame hits the adder.
You kill the adder!
Your Spellcasting skill increases to level 2!
* * * LOW HITPOINT WARNING * * *
You feel sick. The hobgoblin hits you.
* * * LOW HITPOINT WARNING * * *
Casting: Flame Tongue
Confirm with . or Enter, or press ? or * to list all spells.
Aiming: Flame Tongue
Press: ? - help, Shift-Dir - straight line, f - hobgoblin
Aim: a hobgoblin
Okay, then.
Drink which item? (? for menu, Esc to quit)
You feel more clever all of a sudden.
It was a potion of brilliance.
* * * LOW HITPOINT WARNING * * *
You feel sick. The hobgoblin hits you.
You die...

#..........# #.###### ##
#..........# #.# #.
####..........#####.#########.
.........g>....................
##.......##w#######.##########
#.....w.##g# #)# #.......##.#
#.# #<......##.#######.##
#........ggg@%.......
#>......##.#######.##
#.......##.# #.# #.......##.# .
##......##.# #......##.#
.....(##.# ... ... .


You could see a hobgoblin and 2 goblins.

Vanquished Creatures
  3 gnolls (D:3)
  An adder (D:3)
  A giant eyeball (D:3)
  3 goblins
  3 hobgoblins
  2 jackals (D:3)
  5 kobolds
  4 bats
  A giant cockroach (D:3)
  A giant newt (D:1)
  A rat (D:2)
25 creatures vanquished.

Notes
Turn   | Place    | Note
--------------------------------------------------------------
     0 | D:1      | 4tharraofdagon, the High Elf Fire Elementalist, began the quest for the Orb.
     0 | D:1      | Reached XP level 1. HP: 11/11 MP: 4/4
   200 | D:2      | Reached XP level 2. HP: 9/17 MP: 1/5
   364 | D:3      | Reached XP level 3. HP: 14/21 MP: 0/8
   441 | D:3      | Learned a level 3 spell: Conjure Flame
   544 | D:3      | Slain by a hobgoblin

Action                   || total
-------------------------++-------
Melee: Dagger            ||    24
 Cast: Flame Tongue      ||    34
  Use: Potion            ||     1
 Stab: Sleeping          ||     1
